 Dungeon Crawl Stone Soup version 0.31-a0-1522-g43313d8a59 (webtiles) character file.

Game seed: 17130971078399476238

27510 hikkokomori the Thaumaturge (level 13, -3/79 HPs)
             Began as a Deep Elf Conjurer on Dec 30, 2023.
             Was an Elder of Vehumet.
             Engulfed by a cloud of flame (34 damage)
             ... on level 2 of the Lair of Beasts.
             The game lasted 00:37:13 (9795 turns).

hikkokomori the Thaumaturge (Deep Elf Conjurer)     Turns: 9795, Time: 00:37:13

Health: -3/79      AC: 11    Str:  6    XL:     13   Next: 4%
Magic:  24/31      EV: 13    Int: 29    God:    Vehumet [****..]
Gold:   378        SH:  0    Dex: 19    Spells: 8/37 levels left

rFire   . . .        P - +3 hand axe (vamp)
rCold   . . .        (no shield)
rNeg    . . .        h - +0 leather armour of the Forest {Harm rElec Regen+ Int+2}
rPois   .            (no helmet)
rElec   +            (no cloak)
rCorr   .            r - +0 pair of gloves
SInv    .            z - +2 pair of boots
Will    +....        l - amulet of magic regeneration
Stlth   +++++        o - +6 ring of dexterity
HPRegen 1.13/turn    y - +4 ring of protection
MPRegen 0.62/turn

%: harm (+30% outgoing, +20% incoming)
@: studying Stealth
A: no striking features
a: Renounce Religion


You were on level 2 of the Lair of Beasts.
You worshipped Vehumet.
Vehumet was greatly pleased with you.
You visited 3 branches of the dungeon, and saw 13 of its levels.
You also visited: Bailey.

You collected 598 gold pieces.
You spent 220 gold pieces at shops.

Inventory:

Hand Weapons
 a - the +1 falchion of Fofusmi {venom, rN++ Will-}
   (You bought it in a shop on level 5 of the Dungeon)

   rN++:      It greatly protects you from negative energy.
   Will-:     It decreases your willpower.
 s - a +3 hand axe
 O - a +1 hand axe of flaming
 P - a +3 vampiric hand axe (weapon)
 V - a +1 hand axe of distortion
Missiles
 n - a throwing net
Armour
 h - the +0 leather armour of the Forest (worn) {Harm rElec Regen+ Int+2}
   (You found it on level 2 of the Dungeon)

   Int+2:     It affects your intelligence (+2).
   rElec:     It insulates you from electricity.
   Regen+:    It increases your rate of health regeneration.
   Harm:      It increases damage dealt and taken.
 k - the +3 hat of Pondering {ponderous, Will+ MP+10 Int+5}
   (You took it off Gastronok on level 2 of the Lair of Beasts)

   Int+5:     It affects your intelligence (+5).
   Will+:     It increases your willpower.
   MP+10:     It affects your magic capacity (+10).
 p - a scarf of invisibility
 r - a +0 pair of gloves (worn)
 t - a +2 leather armour of cold resistance
 z - a +2 pair of boots (worn)
 E - a +0 robe of willpower
 J - a +0 buckler
Jewellery
 l - an amulet of magic regeneration (around neck)
 o - a +6 ring of dexterity (left hand)
 y - a +4 ring of protection (right hand)
 A - a ring of positive energy
 C - a ring of willpower
 U - a ring of protection from cold
Talismans
 j - a flux talisman
Wands
 H - a wand of iceblast (6)
 M - a wand of charming (14)
 N - a wand of flame (15)
Scrolls
 m - 2 scrolls of revelation
 u - a scroll of poison
 D - 2 scrolls of vulnerability
 I - 3 scrolls of teleportation
 L - a scroll of blinking {unknown}
 R - a scroll of fear
 S - 2 scrolls of enchant weapon
 T - 2 scrolls of enchant armour
 W - a scroll of immolation {unknown}
 X - a scroll of acquirement {unknown}
Potions
 b - 2 potions of magic
 c - a potion of berserk rage
 d - 3 potions of degeneration
 e - 4 potions of attraction
 f - 6 potions of curing
 g - 2 potions of resistance
 i - a potion of haste
 q - a potion of lignification
 v - 4 potions of might
 w - a potion of invisibility
 B - a potion of mutation {unknown}
 F - 2 potions of enlightenment
 G - 5 potions of heal wounds {unknown}
 Q - a potion of cancellation


   Skills:
 + Level 8.5 Fighting
 - Level 2.0 Axes
 - Level 4.1 Dodging
 - Level 11.3 Stealth
 + Level 12.6 Spellcasting
 + Level 11.3 Conjurations
 - Level 3.8 Necromancy
 - Level 5.0 Translocations
 + Level 5.7 Fire Magic
 - Level 8.6 Alchemy
 - Level 5.0 Evocations


You had 8 spell levels left.
You knew the following spells:

 Your Spells              Type           Power      Damage    Failure   Level
a - Magic Dart            Conj           100%       1d8       1%          1
b - Searing Ray           Conj           100%       2d8       1%          2
c - Fulminant Prism       Conj/Alch      33%        3d15      1%          4
d - Iskenderun's Mystic   Conj/Tloc      60%        2d13      1%          4
e - Inner Flame           Hex/Fire       35%        N/A       1%          3
f - Death Channel         Necr           20%        N/A       80%         6
g - Brom's Barrelling Bo  Conj/Erth      50%        2d7       1%          4
h - Fireball              Conj/Fire      30%        3d13      1%          5

Your spell library contained the following spells:

 Spells                   Type           Power      Damage    Failure   Level
 Starburst                Conj/Fire      30%        6d9       5%          6
 Cigotuvi's Dreadful Rot  Necr/Alch/Air  84%        N/A       1%          2
 Sublimation of Blood     Necr           40%        N/A       1%          2
 Iskenderun's Battlesphe  Conj           71%        2d12      1%          5
 Frozen Ramparts          Ice            36%        1d6       4%          3
 Call Imp                 Summ           36%        N/A       7%          2
 Leda's Liquefaction      Alch/Erth      21%        N/A       8%          4
 Petrify                  Alch/Erth      43%        N/A       8%          4
 Dispel Undead            Necr           40%        3d16      9%          4
 Orb of Destruction       Conj           35%        9d10      11%         7
 Conjure Ball Lightning   Conj/Air       25%        3x3d7     17%         6
 Martyr's Knell           Necr/Summ      29%        N/A       21%         4
 Metabolic Englaciation   Hex/Ice        9%         N/A       77%         5
 Summon Hydra             Summ           9%         N/A       100%        7


Dungeon Overview and Level Annotations

Branches:
Dungeon (10/15)            Temple (1/1) D:5            Lair (2/5) D:9
 Bailey (visited)
  Swamp: Lair:2-3    Shoals: Lair:2-3     Snake: Lair:2-3    Spider: Lair:2-3
    Orc: D:9-12

Altars:
Ashenzari
Cheibriados
Dithmenos
Elyvilon
Fedhas
Gozag
Hepliaklqana
Kikubaaqudgha
Makhleb
Nemelex Xobeh
Okawaru
Qazlal
Ru
Sif Muna
Trog
Uskayaw
Vehumet
Wu Jian
Xom
Yredelemnul
Zin
The Shining One

Shops:
D:5 ?(((=


Message History

Casting: Inner Flame (safe; 1% risk of failure)
Confirm with . or Enter, or press ? or * to list all spells.
Aiming: Fulminant Prism (safe; 1% risk of failure)
Press: ? - help, Dir - move target, p - four-headed hydra You conjure a prism of explosive energy!
A fulminant prism comes into view.
Unknown command.
Casting: Fulminant Prism (safe; 1% risk of failure)
Confirm with . or Enter, or press ? or * to list all spells.
Aiming: Fulminant Prism (safe; 1% risk of failure)
Press: ? - help, Dir - move target You conjure a prism of explosive energy!
A fulminant prism comes into view.
Your fulminant prism crackles loudly.
Unknown command.
Casting: Fulminant Prism (safe; 1% risk of failure)
Confirm with . or Enter, or press ? or * to list all spells.
Aiming: Inner Flame (safe; 1% risk of failure)
Press: ? - help, Dir - move target, f - four-headed hydra
Aim: a four-headed hydra (ally target, chance to affect: 58%)
The four-headed hydra is filled with an intense inner flame!
Your fulminant prism crackles loudly.
Your fulminant prism explodes!
The blast of energy engulfs your fulminant prism!!
The blast of energy engulfs the four-headed hydra!!!
Flame seeps out of the four-headed hydra.
The four-headed hydra is severely wounded.
Your fulminant prism explodes!
Unknown command.
Unknown command.
Unknown command.
The four-headed hydra is engulfed in blazing flames.
Vehumet accepts your kill.
You feel your power returning.
The four-headed hydra explodes!
The fiery explosion engulfs you!!
You hear a howl!
Unknown command.
You are engulfed in blazing flames.
You die...

###...P....# #### #####
##.......#..#########..PP
.......#......#P#.......
#.#..#....#............#.
.....#...#.....###.....#
#..........#####.....
###.§§§†<...###.###....
#...§°§#....#........†.
......#.§@##....#...###...
....#.#.##.#.....#..#.....
[./ # #######.)..........#
.# ##..##..#....#
##.##........
#............
#####.....(..###
#..#....##...#
#.......###.##


There were no monsters in sight!

Vanquished Creatures
  Gastronok (Lair:2)
  An orc warlord (Bailey)
  2 hydras (Lair:2)
  3 two-headed ogres
  A spriggan druid (Lair:2)
  A lindwurm (Lair:2)
  4 elephants (Lair:1)
  A black mamba (Lair:2)
  4 cane toads (Lair:2)
  3 komodo dragons
  A rime drake (Lair:2)
  Jeremiah (D:6)
  2 trolls
  4 hornets
  4 blink frogs (Lair:1)
  A shadow (D:10)
  A wyvern (D:8)
  A wraith (D:9)
  24 yaks
  A basilisk (Lair:2)
  2 steam dragons
  5 water moccasins
  6 orc warriors
  3 ice beasts
  3 black bears
  2 ogres
  14 wolves
  2 centaurs
  2 kobold brigands
  6 bullfrogs
  3 gnoll sergeants
  A scorpion (D:7)
  10 wights
  26 killer bees
  3 howler monkeys
  A bombardier beetle (D:3)
  2 centaur zombies (D:8)
  3 jellies
  2 gnoll boudas
  An orc priest (D:5)
  3 hounds
  An iguana (D:7)
  A sleepcap (D:4)
  5 orc wizards
  A killer bee zombie (D:8)
  An ogre zombie (D:8)
  A mummy (D:8)
  7 adders
  15 gnolls
  A shadow imp (D:8)
  4 white imps
  2 dart slugs
  A ribbon worm (D:2)
  25 orcs
  7 bats
  5 endoplasms
  7 giant cockroaches
  14 goblins
  4 hobgoblins
  10 jackals
  2 quokkas
  7 ball pythons
  4 frilled lizards
  23 kobolds
  6 rats
  A fulminant prism (Lair:2)
316 creatures vanquished.

Vanquished Creatures (collateral kills)
  3 boulders (Lair:1)
3 creatures vanquished.

Vanquished Creatures (others)
  An angel (D:9)
  100 fulminant prisms
101 creatures vanquished.

Grand Total: 420 creatures vanquished

Notes
Turn   | Place    | Note
-------+----------+-------------------------------------------
     0 | D:1      | hikkokomori the Deep Elf Conjurer began the quest for the
                  | Orb.
     0 | D:1      | Reached XP level 1. HP: 10/10 MP: 6/6
   112 | D:1      | Reached XP level 2. HP: 15/15 MP: 6/8
   771 | D:2      | Identified the +0 leather armour of the Forest {Harm rElec
                  | Regen+ Int+2}
   781 | D:2      | Found a faded altar of an unknown god.
   848 | D:2      | Learned a level 2 spell: Searing Ray
   871 | D:2      | Reached XP level 3. HP: 19/19 MP: 7/10
  1463 | D:2      | Reached XP level 4. HP: 24/24 MP: 9/11
  1820 | D:3      | Reached skill level 4 in Spellcasting
  1820 | D:3      | Reached skill level 5 in Conjurations
  2152 | D:3      | Reached XP level 5. HP: 20/28 MP: 6/13
  2376 | D:4      | Found a radiant altar of Vehumet.
  2391 | D:4      | Found a burning altar of Makhleb.
  2392 | D:4      | Found a basalt altar of Yredelemnul.
  2392 | D:4      | Found a stormy altar of Qazlal.
  2424 | D:4      | Became a worshipper of Vehumet
  2437 | D:4      | Learned a level 4 spell: Fulminant Prism
  2464 | D:4      | Reached XP level 6. HP: 25/33 MP: 3/15
  2574 | D:4      | Reached skill level 1 in Fighting
  2574 | D:4      | Reached skill level 5 in Spellcasting
  2574 | D:4      | Reached skill level 1 in Alchemy
  3118 | D:5      | Entered Level 5 of the Dungeon
  3177 | D:5      | Reached * piety under Vehumet
  3177 | D:5      | Offered knowledge of Sandblast by Vehumet.
  3178 | D:5      | Reached skill level 5 in Stealth
  3192 | D:5      | Reached XP level 7. HP: 35/38 MP: 4/17
  3305 | D:5      | Found Coerimie's Jewellery Boutique.
  3439 | D:5      | Found Uduiss's Antique Weapon Shoppe.
  3445 | D:5      | Found Fuoz's Antique Weapon Shoppe.
  3452 | D:5      | Bought a fine falchion for 192 gold pieces
  3452 | D:5      | Identified the +1 falchion of Fofusmi {venom, rN++ Will-}
                  | (You bought it in a shop on level 5 of the Dungeon)
  3464 | D:5      | Found a staircase to the Ecumenical Temple.
  3535 | D:5      | Found Qoxounn's Magic Scroll Shoppe.
  3545 | D:5      | Bought a scroll of identify for 28 gold pieces
  3632 | D:5      | Found Zuumei Upsi's Weapon Boutique.
  3693 | Temple   | Entered the Ecumenical Temple
  3701 | D:5      | Learned a level 4 spell: Iskenderun's Mystic Blast
  3861 | D:6      | Reached skill level 6 in Spellcasting
  4039 | D:6      | Reached XP level 8. HP: 45/45 MP: 16/19
  4095 | D:6      | Found a hazy altar of Hepliaklqana.
  4165 | D:6      | Noticed Jeremiah
  4179 | D:6      | Killed Jeremiah
  4223 | D:6      | Offered knowledge of Momentum Strike by Vehumet.
  4224 | D:6      | Reached ** piety under Vehumet
  4233 | D:6      | Reached skill level 7 in Spellcasting
  5120 | D:7      | Reached XP level 9. HP: 51/51 MP: 18/22
  5313 | D:7      | Reached skill level 5 in Alchemy
  5581 | D:8      | Reached skill level 8 in Spellcasting
  5654 | D:8      | Found an ornate altar of the Wu Jian Council.
  5787 | D:8      | Noticed a two-headed ogre
  5799 | D:8      | Killed a two-headed ogre
  5799 | D:8      | Offered knowledge of Static Discharge by Vehumet.
  5800 | D:8      | Reached skill level 9 in Spellcasting
  5812 | D:8      | Found a flagged portal.
  5881 | Bailey   | Entered a bailey
  5886 | Bailey   | Noticed an orc warlord
  5904 | Bailey   | Reached *** piety under Vehumet
  5923 | Bailey   | Reached XP level 10. HP: 58/58 MP: 16/25
  5960 | Bailey   | Found a runed translucent gate.
  5963 | Bailey   | Found a runed translucent gate.
  5965 | Bailey   | Found a runed translucent gate.
  6001 | Bailey   | Offered knowledge of Inner Flame by Vehumet.
  6127 | Bailey   | Killed an orc warlord
  6128 | Bailey   | Reached skill level 5 in Fighting
  6175 | Bailey   | Reached skill level 5 in Translocations
  6175 | Bailey   | Reached skill level 5 in Evocations
  6175 | Bailey   | Reached XP level 11. HP: 66/66 MP: 26/26
  6180 | Bailey   | Learned a level 3 spell: Inner Flame
  6187 | Bailey   | Learned a level 6 spell: Death Channel
  6553 | D:9      | Reached skill level 1 in Necromancy
  6555 | D:9      | Noticed a two-headed ogre
  6564 | D:9      | Killed a two-headed ogre
  6587 | D:9      | Found a staircase to the Lair.
  6615 | D:9      | Reached **** piety under Vehumet
  6620 | D:9      | Reached skill level 10 in Stealth
  6703 | D:9      | Found a sacrificial altar of Ru.
  6893 | D:9      | Reached skill level 10 in Spellcasting
  6996 | D:9      | Found a glowing silver altar of Zin.
  6996 | D:9      | Noticed an angel
  6997 | D:9      | Found a shimmering altar of Xom.
  7080 | D:9      | Killed an angel
  7101 | D:9      | Offered knowledge of Brom's Barrelling Boulder by Vehumet.
  7121 | D:9      | Found a white marble altar of Elyvilon.
  7288 | D:9      | Reached skill level 1 in Axes
  7304 | D:9      | Found a shadowy altar of Dithmenos.
  7327 | D:10     | Entered Level 10 of the Dungeon
  7408 | D:10     | Noticed a two-headed ogre
  7414 | D:10     | Killed a two-headed ogre
  7509 | D:10     | Learned a level 4 spell: Brom's Barrelling Boulder
  7985 | Lair:1   | Entered Level 1 of the Lair of Beasts
  8083 | Lair:1   | Learned a level 5 spell: Fireball
  8086 | Lair:1   | Reached XP level 12. HP: 72/72 MP: 20/28
  8177 | Lair:1   | Reached skill level 1 in Fire Magic
  8343 | Lair:1   | Reached skill level 11 in Spellcasting
  8343 | Lair:1   | Reached skill level 10 in Conjurations
  8522 | Lair:1   | Reached ***** piety under Vehumet
  8546 | Lair:1   | Offered knowledge of Starburst by Vehumet.
  9378 | Lair:2   | Noticed a six-headed hydra
  9464 | Lair:2   | Killed a six-headed hydra
  9506 | Lair:2   | Reached skill level 12 in Spellcasting
  9565 | Lair:2   | Noticed Gastronok
  9575 | Lair:2   | Killed Gastronok
  9576 | Lair:2   | Reached skill level 5 in Fire Magic
  9754 | Lair:2   | Reached XP level 13. HP: 23/79 MP: 26/31
  9795 | Lair:2   | Engulfed by a cloud of flame

Illustrated notes

Levels and vault maps discovered:
D:1:      tarquinn_simple_flora_water_d, layout_rooms
D:2:      wander_river, layout_basic, hellmonk_ecumenical_altar_leap_of_faith,
          minmay_puff
D:3:      layout_loops_ring
D:4:      layout_loops_ring, grunt_temple_overflow_open,
          chequers_serial_rivers_room_b, nrook_mini_vaults
D:5:      layout_cave_pools, minmay_temple_entry_statues_pillars, serial_shops,
          nicolae_lakefront_shop, nicolae_shop_pleasant_corner_grove,
          nicolae_shop_tiny_real_fake_doors, nicolae_shop_gaudy_bauble, shop
D:6:      layout_layer_cave, kennysheep_little_box, uniq_jeremiah
D:7:      layout_cave_pools
D:8:      layout_rooms, mainiacjoe_overflow_alcove_2, enter_bailey_2,
          minmay_misc_feat_tiny, minmay_mini_ossuary
D:9:      minmay_inner_zag, layout_cave_pools,
          grunt_temple_overflow_order_and_chaos_1, mainiacjoe_overflow_paths,
          nicolae_ru_sacrificial_ziggurat, lemuel_coloured_pillars_altar
D:10:     layout_roguey
Temple:   minmay_freezing_vapour_temple
Lair:1:   layout_long_grid, st_stairs_9
Lair:2:   nzn_winding_woodlands_medium [nzn_winding_woodlands_5x5_three,
          nzn_winding_woodlands_5x15_garden, nzn_winding_woodlands_hourglass,
          nzn_winding_woodlands_5x5_default,
          nzn_winding_woodlands_center_pierced_h,
          nzn_winding_woodlands_5x5_cross,
          nzn_winding_woodlands_5x5_closed_star,
          nzn_winding_woodlands_5x15_pockets,
          nzn_winding_woodlands_5x5_perimeter], layout_misc_corridors,
          mainiacjoe_swamp_entry_angry_trees, uniq_gastronok

Skill      XL: |  1  2  3  4  5  6  7  8  9 10 11 12 |
---------------+-------------------------------------+-----
Stealth        | 3 4 5 6 7 8 9 11 | 11.3
Dodging        | 3 4 |  4.1
Spellcasting   | 4 5 6 7 9 10 12 | 12.6
Conjurations   | 5 6 7 8 9 11 | 11.3
Fighting       | 1 2 3 4 6 7 8 |  8.5
Alchemy        | 2 3 4 6 8 |  8.6
Translocations | 5 |  5.0
Evocations     | 5 |  5.0
Necromancy     | 3 |  3.8
Axes           | 2 |  2.0
Fire Magic     | 5 |  5.7

Action                     |  1- 3 |  4- 6 |  7- 9 | 10-12 | 13-15 || total
---------------------------+-------+-------+-------+-------+-------++-------
  Melee: Unarmed           |    27 |       |       |       |       ||    27
         Hand axe          |       |       |    15 |    48 |       ||    63
   Cast: Magic Dart        |    69 |   125 |   145 |    96 |       ||   435
         Searing Ray       |     3 |     8 |    27 |    23 |       ||    61
         Fulminant Prism   |       |       |    18 |    81 |     2 ||   101
         Fireball          |       |       |       |    14 |       ||    14
         Iskenderun's Myst |       |       |       |     2 |       ||     2
         Inner Flame       |       |       |       |     5 |     2 ||     7
         Brom's Barrelling |       |       |       |     4 |       ||     4
  Evoke: Wand              |       |       |       |     4 |       ||     4
    Use: Scroll            |     2 |       |    12 |     8 |       ||    22
         Potion            |       |       |       |     4 |       ||     4
 Armour: Robe              |    17 |       |       |       |       ||    17
         Leather armour    |    13 |    22 |    54 |   106 |     2 ||   197
  Dodge: Dodged            |    29 |    12 |    45 |    92 |       ||   178

Table legend: (Time is in decaauts)
 A = Elapsed time spent in this place.
 B = Non-inter-level travel time spent in this place.
 C = Inter-level travel time spent in this place.
 D = Time resting spent in this place.
 E = Time spent auto-exploring this place.
 F = Levels seen in this place.
 G = Mean time per level.
                   A        B        C        D        E       F      G
               +--------+--------+--------+--------+--------+-----+--------+
         Total |   9846 |   9464 |    382 |    129 |   7268 |  14 |  703.3 |
       Dungeon |   7681 |   7324 |    357 |     11 |   5874 |  10 |  768.1 |
        Temple |      1 |      1 |      0 |      0 |      0 |   1 |    1.0 |
          Lair |   1816 |   1791 |     25 |    118 |   1264 |   2 |  908.0 |
        Bailey |    347 |    347 |      0 |      0 |    129 |   1 |  347.0 |
               +--------+--------+--------+--------+--------+-----+--------+

Top non-repeatable levels by time:
     D:6: 1321 daAuts
  Lair:1: 1200 daAuts
     D:2: 894 daAuts
     D:4: 849 daAuts
     D:9: 795 daAuts
     D:1: 757 daAuts
     D:3: 662 daAuts
    D:10: 653 daAuts
     D:8: 648 daAuts
  Lair:2: 615 daAuts
     D:5: 592 daAuts
     D:7: 507 daAuts
  Bailey: 347 daAuts
  Temple: 1 daAuts
